 Dungeon Crawl Stone Soup version 0.32-a0-984-gb8cfe57ea9 (webtiles) character file.

Game seed: 3177641597817301835

231 GeoRichter the Trooper (level 6, -3/67 HPs)
             Began as an Oni Cinder Acolyte on Apr 21, 2024.
             Was an Initiate of Gozag.
             Slain by a fire elemental (9 damage)
             ... created by the fiery vengeance of Ignis
             ... on level 4 of the Dungeon.
             The game lasted 00:04:42 (2956 turns).

GeoRichter the Trooper (Oni Cinder Acolyte)         Turns: 2956, Time: 00:04:43

Health: -3/67      AC:  6    Str: 21    XL:     6   Next: 3%
Magic:  16/16      EV:  8    Int: 15    God:    Gozag
Gold:   236        SH:  0    Dex:  4    Spells: 7/7 levels left

rFire   . . .        a - -1 mace (drain)
rCold   . . .        (no shield)
rNeg    . . .        p - +1 robe of the Present {rElec Will+}
rPois   .            h - +2 hat
rElec   +            (no cloak)
rCorr   .            (gloves unavailable)
SInv    .            (boots unavailable)
Will    +....        (no amulet)
Stlth   +            o - ring of magical power
HPRegen 0.31/turn    (no ring)
MPRegen 0.15/turn

%: no passive effects
@: fire susceptible
A: large, unfitting armour, horns 1, tough skin 1, double potion healing,
drunken brawling
a: Renounce Religion, Potion Petition, Call Merchant, Bribe Branch


You were on level 4 of the Dungeon.
You worshipped Gozag.
Gozag was aware of your devotion.
You visited 1 branch of the dungeon, and saw 4 of its levels.

You collected 287 gold pieces.
You paid 51 gold pieces to Gozag.

Inventory:

Hand Weapons
 a - a -1 mace of draining (weapon)
Missiles
 q - 4 large rocks (quivered)
Armour
 h - a +2 hat (worn)
   (You found it on level 1 of the Dungeon)
 p - the +1 robe of the Present (worn) {rElec Will+}
   (You found it on level 2 of the Dungeon)

   rElec:     It insulates you from electricity.
   Will+:     It increases your willpower.
Jewellery
 o - a ring of magical power (left hand)
   (You found it on level 2 of the Dungeon)
Scrolls
 c - a scroll of amnesia {unknown}
 f - a scroll of blinking {unknown}
 j - a scroll of identify {unknown}
 m - a scroll of silence {unknown}
 r - a scroll of enchant weapon {unknown}
 t - a scroll of noise {unknown}
Potions
 b - a potion of degeneration {unknown}
 e - a potion of berserk rage {unknown}
 g - 2 potions of curing {unknown}
 k - a potion of magic {unknown}
 l - a potion of enlightenment {unknown}
 n - 2 potions of mutation {unknown}
 s - a potion of brilliance {unknown}


   Skills:
 + Level 5.9 Fighting
 * Level 5.6 Maces & Flails
 - Level 1.2 Spellcasting
 - Level 2.6 Fire Magic


You had 7 spell levels left.
You didn't know any spells.
Your spell library contained the following spells:

 Spells                   Type           Power      Damage    Failure   Level
 Scorch                   Fire           16%        2d5       12%         2
 Sandblast                Erth           0%         2d4       24%         1
 Sublimation of Blood     Necr           0%         N/A       36%         2
 Call Canine Familiar     Summ           0%         N/A       58%         3
 Passwall                 Erth           0%         N/A       58%         3
 Sigil of Binding         Hex            0%         N/A       58%         3
 Stone Arrow              Conj/Erth      0%         3d7       58%         3
 Dimensional Bullseye     Hex/Tloc       0%         N/A       94%         4
 Martyr's Knell           Necr/Summ      0%         N/A       94%         4
 Curse of Agony           Necr           0%         N/A       100%        5
 Haunt                    Necr/Summ      0%         N/A       100%        7
 Rimeblight               Ice/Necr       0%         2d3       (prima100%   7
 Death's Door             Necr           0%         N/A       100%        9


Dungeon Overview and Level Annotations

Branches:
Dungeon (4/15) Zot: 20997
 Temple: D:4-7

Altars:
Gozag


Innate Abilities, Weirdness & Mutations

You are too large for most types of armour.
You have a pair of small horns on your head.
You have tough skin. (AC +1)
You gain doubled healing and magic from potions.
Whenever you drink a healing potion, you attack all around you.


Message History

You now have 217 gold pieces (gained 3).
You now have 236 gold pieces (gained 19).
Found a stone staircase leading down.
Found a stone staircase leading up.
There is a stone staircase leading up here.
Found a stone staircase leading down.
A fire elemental is nearby! 2 jackals come into view.
The jackal barks! x2
A jackal comes into view.
There is a stone staircase leading down here.
A jackal comes into view.
Found a hand axe.
The jackal barks!
The jackal pauses to sniff the ground.
There is a stone staircase leading down here.
The fire elemental completely misses you.
The jackal bites you but does no damage.
The fire elemental barely misses you.
You hit the fire elemental but do no damage.
The fire elemental barely misses you. The fire elemental hits you.
The fire elemental burns you!
You hit the fire elemental.
The fire elemental is lightly damaged.
The fire elemental barely misses you.
You hit the fire elemental but do no damage.
The fire elemental is lightly damaged.
The fire elemental hits you. The fire elemental burns you!
The fire elemental hits you. The fire elemental burns you!
You hit the fire elemental.
The fire elemental is lightly damaged.
The fire elemental misses you.
You miss the fire elemental.
Your headbutt misses the fire elemental.
The fire elemental is lightly damaged.
The fire elemental hits you. The fire elemental burns you!
* * * LOW HITPOINT WARNING * * *
The fire elemental barely misses you.
You barely miss the fire elemental.
The fire elemental is lightly damaged.
The jackal pauses to sniff the ground.
The fire elemental hits you. The fire elemental burns you!
* * * LOW HITPOINT WARNING * * *
You closely miss the fire elemental.
The fire elemental is lightly damaged.
The fire elemental hits you. The fire elemental burns you!
* * * LOW HITPOINT WARNING * * *
The fire elemental hits you. The fire elemental burns you!
You die...
Your body crumbles into a pile of gold.

.....# #.....<####..#
.....# #.#.##.# #..###
....# #.#.##.# #.....
#...#######...##.#
#.###.
#.##................#
#.# #.
#.....#.#####.#####.#
#.# #. #.#.# #.# #.# #.#
#. #>#.#####.#####.# #.#
#. ## #..hhhhE@.#.....#
#.# #.
##...###.#.#######.#####
#.# #. .☼.....°...# #.#
#.# #. ##...###.### #.#
#.# #. ## #.# #.# #.# #.
#.# #.# #.# #. #.#
###.### #.# #. #.#
#.....# #.###) #.#
####.....######)##..


You could see a fire elemental and 4 jackals.

Vanquished Creatures
  An iguana (D:4)
  7 adders
  5 gnolls
  3 dart slugs
  A ribbon worm (D:2)
  4 orcs (D:3)
  8 bats
  5 endoplasms
  3 giant cockroaches
  8 goblins
  7 hobgoblins
  6 jackals
  3 quokkas
  6 ball pythons
  6 frilled lizards
  3 kobolds
  3 rats
79 creatures vanquished.

Notes
Turn   | Place    | Note
-------+----------+-------------------------------------------
     0 | D:1      | GeoRichter the Oni Cinder Acolyte began the quest for the
                  | Orb.
     0 | D:1      | Reached XP level 1. HP: 24/24 MP: 2/2
   192 | D:1      | Reached XP level 2. HP: 26/32 MP: 3/3
   412 | D:1      | Reached XP level 3. HP: 40/40 MP: 4/4
  1140 | D:2      | Reached XP level 4. HP: 42/49 MP: 5/5
  1281 | D:2      | Reached skill level 5 in Fighting
  1422 | D:2      | Identified the +1 robe of the Present {rElec Will+}
  2014 | D:3      | Reached XP level 5. HP: 57/57 MP: 6/6
  2132 | D:3      | Reached skill level 5 in Maces & Flails
  2167 | D:3      | Got Kikubaaqudgha's Tractate on Coffins
  2357 | D:3      | Found an opulent altar of Gozag.
  2395 | D:3      | Fell from the grace of Ignis
  2395 | D:3      | Became a worshipper of Gozag Ym Sagoz the Greedy
  2761 | D:4      | Noticed a fire elemental
  2761 | D:4      | Noticed a fire elemental
  2889 | D:4      | Reached XP level 6. HP: 67/67 MP: 7/7
  2956 | D:4      | Slain by a fire elemental

Illustrated notes

Levels and vault maps discovered:
D:1:      roderic_crop_circles_arrival_small, layout_loops_ring
D:2:      layout_basic, kennysheep_boxes
D:3:      layout_rooms, grunt_gozag_statues
D:4:      layout_loops_ring, mainiacjoe_overflow_large_starburst, uniq_edmund,
          uniq_sigmund

Skill      XL: |  1  2  3  4  5 |
---------------+----------------+-----
Maces & Flails | 4 5 |  5.6
Fighting       | 5 |  5.9
Spellcasting   | |  1.2
Fire Magic     | |  2.6

Action                     |  1- 3 |  4- 6 || total
---------------------------+-------+-------++-------
  Melee: Mace              |    92 |   149 ||   241
         Headbutt          |     9 |    17 ||    26
    Use: Scroll            |       |     2 ||     2
 Armour: Robe              |    68 |   151 ||   219
  Dodge: Dodged            |    48 |    68 ||   116

Table legend: (Time is in decaauts)
 A = Elapsed time spent in this place.
 B = Non-inter-level travel time spent in this place.
 C = Inter-level travel time spent in this place.
 D = Time resting spent in this place.
 E = Time spent auto-exploring this place.
 F = Levels seen in this place.
 G = Mean time per level.
                   A        B        C        D        E       F      G
               +--------+--------+--------+--------+--------+-----+--------+
         Total |   3001 |   2903 |     98 |    243 |   1874 |   4 |  750.2 |
       Dungeon |   3001 |   2903 |     98 |    243 |   1874 |   4 |  750.2 |
               +--------+--------+--------+--------+--------+-----+--------+

Top non-repeatable levels by time:
     D:2: 1031 daAuts
     D:1: 1015 daAuts
     D:3: 524 daAuts
     D:4: 430 daAuts
